AoeStats
← Malik Bhai

MegaRandom

503871936Analyzed
4v4 RM · 1mo ago on Sep 2, 2026· 49m 49s· 8 players
Game mode
Random Map
Map size
Large (8 player)
Population
200
Speed
Normal
Resources
Standard
Victory
Conquest
Starting age
Dark Age
Ending age
Imperial Age
RankedLock teamsTeams togetherTeam positionsShared explorationLock speedFull tech treeHidden civsTurbo modeCheats
Victory
Defeat
🇵🇰 Britons · Pakistan
1685
+12
🇵🇰 Bohemians · Pakistan
1589
+16
🇵🇰 Khitans · Pakistan
1576
+17
🇷🇺 Persians · Russia
1493
+21
🇫🇮 Vikings · Finland
1653
-19
🇵🇱 Koreans · Poland
1618
-18
🇹🇷 Britons · Türkiye
1592
-16
🇨🇱 Persians · Chile
1518
-13
Malik Bhai
8:02 Loom
12:06 Feudal Age
13:14 Double-Bit Axe
13:58 Forging
17:47 Domestication
24:04 Castle Age
22:48 Scale Barding Armor
24:23 Light Cavalry
27:07 Iron Casting
26:57 Bow Saw
26:47 Pastoralism
26:54 Husbandry
27:44 Chain Barding Armor
40:55 Imperial Age
41:07 Elite Steppe Lancer
43:04 Plate Barding Armor
CO[M]BO
7:29 Loom
11:29 Feudal Age
12:02 Double-Bit Axe
14:10 Fletching
15:31 Town Watch
20:54 Castle Age
19:55 Padded Archer Armor
19:48 Horse Collar
20:57 Crossbowman
21:33 Bodkin Arrow
22:21 Medium Warships
22:55 Bow Saw
25:52 Ballistics
28:18 Chemistry
29:57 Fervor
33:14 Sanctity
33:57 Wheelbarrow
39:26 Imperial Age
37:30 Leather Archer Armor
37:46 Heavy Plow
39:29 Arbalester
40:09 Bracer
41:44 Ring Archer Armor
42:08 Heavy Warships
45:10 Two-Man Saw
Diabo38
4:48 Loom
8:09 Loom
10:14 Feudal Age
10:57 Double-Bit Axe
12:39 Horse Collar
18:44 Forging
20:50 Scale Barding Armor
20:59 Bloodlines
25:06 Castle Age
23:54 Gold Mining
26:23 Chain Barding Armor
26:39 Iron Casting
26:30 Husbandry
27:12 Gold Shaft Mining
27:23 Bow Saw
32:33 Wheelbarrow
34:24 Chain Barding Armor
41:21 Imperial Age
41:28 Cavalier
42:51 Plate Barding Armor
43:16 Blast Furnace
43:25 Conscription
43:21 Medium Warships
46:43 Blast Furnace
46:51 Heavy Warships
46:40 Savar
46:40 Light Cavalry
46:41 Savar
Decade
7:09 Loom
10:38 Feudal Age
11:06 Double-Bit Axe
14:24 Fletching
19:38 Horse Collar
24:30 Castle Age
25:35 Bodkin Arrow
25:07 Crossbowman
31:13 Yeomen
30:54 Padded Archer Armor
34:08 Leather Archer Armor
45:02 Caravan
45:04 Fishing Lines
47:41 Fishing Lines
JavelinMen
6:58 Loom
9:30 Feudal Age
9:57 Man-at-Arms
12:53 Double-Bit Axe
15:20 Horse Collar
17:13 Fletching
19:38 Padded Archer Armor
24:39 Castle Age
26:35 Bow Saw
29:45 Heavy Plow
29:18 Crossbowman
29:53 Bodkin Arrow
31:14 Leather Archer Armor
33:03 Ballistics
33:17 Gold Mining
35:10 Wheelbarrow
37:04 Hand Cart
38:00 Town Watch
38:18 Stone Mining
43:10 Imperial Age
43:05 Yeomen
43:57 Bracer
45:05 Chemistry
44:39 Ring Archer Armor
46:00 Conscription
45:59 Arbalester
49:33 Two-Man Saw
48:54 Pikeman
49:34 Squires
[CL] Marcianeke
7:21 Loom
9:55 Feudal Age
10:31 Double-Bit Axe
13:58 Horse Collar
23:06 Castle Age
22:54 Scale Barding Armor
23:26 Bloodlines
29:11 Chain Barding Armor
29:16 Husbandry
34:16 Coinage
36:20 Forging
37:40 Iron Casting
t๏tคlเк๏ร
1:12 Loom
7:49 Loom
10:30 Feudal Age
12:03 Fletching
15:31 Double-Bit Axe
20:41 Fishing Lines
25:25 Castle Age
34:17 Imperial Age
33:09 Bodkin Arrow
35:43 Bracer
43:33 Gillnets
Sunset
6:19 Loom
11:08 Feudal Age
12:36 Double-Bit Axe
14:43 Fletching
18:45 Castle Age
17:17 Gold Mining
20:19 Medium Warships
20:26 Bodkin Arrow
20:59 Medium Warships
21:53 Scale Barding Armor
22:58 Chain Barding Armor
30:22 Bow Saw
29:53 Horse Collar
33:56 Forging
43:48 Imperial Age
43:03 Gold Shaft Mining
43:05 Iron Casting
43:38 Heavy Plow
43:59 Cavalier
47:22 Blast Furnace
Connection lost

Rejoining the realm…

Still unreachable

The connection could not be restored.

Session expired

The server has moved on; the page needs a fresh start.